 Dungeon Crawl Stone Soup version 0.29-a0-559-g359e09b9d1 (webtiles) character file.

Game seed: 14585589255572905135

129 Lekart the Skirmisher (level 4, -3/34 (36) HPs)
             Began as a Draconian Chaos Knight on June 10, 2022.
             Was a Plaything of Xom.
             Slain by an orc wizard
             ... wielding a +0 dagger
              (4 damage)
             ... on level 4 of the Dungeon.
             The game lasted 00:04:41 (2532 turns).

Lekart the Skirmisher (Draconian Chaos Knight)      Turns: 2532, Time: 00:04:42

HP:   -3/34 (36)    AC: 11    Str: 12 (15) XL:     4   Next: 88%
MP:   4/4           EV: 12    Int: 12 (16) God:    Xom [*.....]
Gold: 163           SH:  0    Dex: 11 (12) Spells: 3/3 levels left

rFire   . . .      SeeInvis .   e - +2 dagger (elec)
rCold   + . .      Faith    .   (no shield)
rNeg    . . .      Spirit   .   (body armour unavailable)
rPois   .          Reflect  .   (helmet restricted)
rElec   .          Harm     .   f - +0 cloak
rCorr   .          Rampage  .   i - +0 pair of gloves "Sixathyl" {Int+4}
Will    .....      Rage     1%  (no boots)
Stlth   +.........              (no amulet)
HPRegen 0.11/turn               d - ring of protection from cold
MPRegen 0.09/turn               l - +4 ring of protection

@: confused, weak-willed, drained
A: AC +5, unfitting armour, cold-blooded, antennae 1, berserk 1, frail 1,
screaming 1
a: Renounce Religion


You were on level 4 of the Dungeon.
You worshipped Xom.
You were a special plaything of Xom.
You visited 1 branch of the dungeon, and saw 4 of its levels.

You collected 163 gold pieces.

Inventory:

Hand Weapons
 a - a +0 falchion of chaos
 e - a +2 dagger of electrocution (weapon)
Missiles
 u - a throwing net
Armour
 f - a +0 cloak (worn)
 i - the +0 pair of gloves "Sixathyl" (worn) {Int+4}
   (You found it on level 2 of the Dungeon)

   Int:       It affects your intelligence (+4).
Jewellery
 d - a ring of protection from cold (left hand)
 l - a +4 ring of protection (right hand)
 r - an amulet of guardian spirit
 s - the ring of the Burning Gods {rF+ rC- rN+ Dex+2}
   (You found it on level 3 of the Dungeon)

   [ring of protection from fire]

   Dex:       It affects your dexterity (+2).
   rF:        It protects you from fire.
   rC:        It makes you vulnerable to cold.
   rN:        It protects you from negative energy.
Scrolls
 c - a scroll of vulnerability
 g - 3 scrolls of identify
 o - 2 scrolls of poison {unknown}
 p - 2 scrolls of amnesia {unknown}
 t - a scroll of torment {unknown}
 w - a scroll of magic mapping {unknown}
 x - a scroll of immolation {unknown}
Potions
 j - a potion of magic
 k - a potion of flight
Miscellaneous
 b - a piece from Xom's chessboard (15/15) (quivered)


   Skills:
 + Level 4.1 Fighting
 + Level 2.0(3.2) Short Blades
 + Level 3.9(4.1) Long Blades
 + Level 3.0 Dodging


You had 3 spell levels left.
You didn't know any spells.
Your spell library contained the following spells:

 Spells                   Type           Power      Damage    Failure   Level
 Gell's Gravitas          Tloc           0%         N/A       69%         3
 Lesser Beckoning         Tloc           0%         N/A       69%         3
 Teleport Other           Tloc           0%         N/A       69%         3


Dungeon Overview and Level Annotations

Branches:
Dungeon (4/15)
 Temple: D:4-7

Altars:
Makhleb


Innate Abilities, Weirdness & Mutations

Your plain brown scales are hard. (AC +5)
You cannot fit into any form of body armour.
You are cold-blooded and may be slowed by cold attacks.
You have a pair of small antennae on your head.
You tend to lose your temper in combat.
You are frail. (-10% HP)
You occasionally shout uncontrollably at your foes.


Message History

The orc wizard hits you but does no damage.
You hit the orc wizard.
The orc wizard is severely wounded.
The orc wizard barely misses you.
You hit the orc wizard.
Your tail-slap misses the orc wizard.
The orc wizard is almost dead.
You hit the orc wizard.
The orc wizard is almost dead.
The orc wizard hits you but does no damage.
You hit the orc wizard but do no damage.
The orc wizard is almost dead. "Heh heh heh..."
You are confused.
You are now a special plaything of Xom.
You barely miss the orc wizard. You tail-slap the orc wizard.
You kill the orc wizard!
The orc wizard hits you with a +0 dagger.
You feel your dexterity returning.
Your base Short Blades skill increases to level 2!
Your Dodging skill increases to level 3!
Okay, then.
You are too confused!
You miss the orc wizard.
You bump into the rock wall.
The orc priest mumbles some strange prayers to Beogh against you.
Beogh smites you!
* * * LOW HITPOINT WARNING * * *
The orc wizard hits you but does no damage.
You barely miss the orc wizard.
The orc wizard casts a spell.
The orc wizard flickers and vanishes!
Deactivating autopickup; reactivate with Ctrl-A.
Okay, then.
You are too confused!
The orc priest attacks as you move away!
The orc priest hits you with a +0 dagger.
* * * LOW HITPOINT WARNING * * *
Something hits you.
You die...
Xom giggles madly!

.....# #...# ..
##########.#.### ... #
#.!..........# .>.. #
#.#....#..##.# ..... #
#....#....##.####h.....
###..<.#.....#.#)§{o.....
.....#.#..##.#§#§##§.....
###.#..#..##.#§{o# .....
....#.##.....###@# ####
.####.##.##### ### .#
#....# .# ###### ##


You could see an orc priest (weak-willed).

Vanquished Creatures
  An orc wizard (D:4)
  4 adders
  A worm (D:3)
  An orc (D:3)
  5 bats
  3 endoplasms
  6 giant cockroaches
  6 hobgoblins
  4 jackals (D:2)
  8 kobolds
  2 quokkas
  8 ball pythons
  3 frilled lizards
  5 goblins
  5 rats
62 creatures vanquished.

Notes
Turn   | Place    | Note
-------+----------+-------------------------------------------
     0 | D:1      | Lekart the Draconian Chaos Knight began the quest for the
                  | Orb.
     0 | D:1      | Reached XP level 1. HP: 19/19 MP: 1/1
   150 | D:1      | XOM: potion effect (haste)
   164 | D:1      | Reached XP level 2. HP: 17/26 MP: 2/2
   286 | D:1      | XOM: silly message
   576 | D:1      | Reached XP level 3. HP: 32/33 MP: 3/3
   802 | D:2      | Identified the +0 pair of gloves "Sixathyl" {Int+4}
   822 | D:2      | XOM is BORED!
   822 | D:2      | XOM: 11-stop teleportation journey
   935 | D:2      | XOM: silly message
  1003 | D:2      | Reached skill level 4 in Fighting
  1186 | D:2      | XOM: cloud trail
  1461 | D:3      | Reached XP level 4. HP: 35/40 MP: 4/4
  1513 | D:3      | XOM: give mutations
  1513 | D:3      | Gained mutation: You tend to lose your temper in combat.
                  | [Xom's mischief]
  1513 | D:3      | Gained mutation: You occasionally shout uncontrollably at
                  | your foes. [Xom's mischief]
  1522 | D:3      | Reached skill level 1 in Short Blades
  1659 | D:3      | XOM: summons 4 hostile shadow creatures
  1722 | D:3      | XOM: noise
  1772 | D:3      | Identified the ring of the Burning Gods {rF+ rC- rN+ Dex+2}
  1834 | D:3      | Found a burning altar of Makhleb.
  1868 | D:3      | XOM: 2-stop teleportation journey
  1873 | D:3      | XOM: stat loss: -1 Int (15/16)
  1965 | D:3      | XOM: silly message
  2186 | D:3      | XOM: give mutations
  2186 | D:3      | Gained mutation: You are frail. (-10% HP) [Xom's mischief]
  2186 | D:3      | Gained mutation: You have a pair of small antennae on your
                  | head. [Xom's mischief]
  2254 | D:3      | XOM: noise
  2504 | D:4      | XOM: draining
  2526 | D:4      | XOM: confusion
  2532 | D:4      | HP: 1/34 [orc priest/+0 dagger (2)]
  2532 | D:4      | Slain by an orc wizard

Illustrated notes

Levels and vault maps discovered:
D:1:      dpeg_arrival_more_subterranean_lakeside_camping, layout_rooms,
          serial_glass, glass_columns_c, glass_columns_a,
          kennysheep_flooded_box, minmay_fountain_box
D:2:      layout_loops_ring
D:3:      layout_basic, bloody_makhleb, st_stairs_4, corner_web_ring
D:4:      layout_basic

Skill      XL: |  1  2  3  4 |
---------------+-------------+-----
Fighting       | 4 |  4.1
Short Blades   | 2 |  2.0
Dodging        | 3 |  3.0
Long Blades    | |  3.9

Action                   |  1- 3 |  4- 6 || total
-------------------------+-------+-------++-------
Melee: Falchion          |    16 |       ||    16
       Tailslap          |    12 |     3 ||    15
       Dagger            |   107 |    57 ||   164
       Punch             |     1 |       ||     1
  Use: Potion            |       |     7 ||     7
       Scroll            |       |     3 ||     3
Armor: Skin              |    37 |    22 ||    59
Dodge: Dodged            |    70 |    39 ||   109

Table legend: (Time is in decaauts)
 A = Elapsed time spent in this place.
 B = Non-inter-level travel time spent in this place.
 C = Inter-level travel time spent in this place.
 D = Time resting spent in this place.
 E = Time spent auto-exploring this place.
 F = Levels seen in this place.
 G = Mean time per level.
                   A        B        C        D        E       F      G
               +--------+--------+--------+--------+--------+-----+--------+
         Total |   2508 |   2436 |     72 |     56 |   1938 |   4 |  627.0 |
       Dungeon |   2508 |   2436 |     72 |     56 |   1938 |   4 |  627.0 |
               +--------+--------+--------+--------+--------+-----+--------+

Top non-repeatable levels by time:
     D:3: 889 daAuts
     D:1: 770 daAuts
     D:2: 657 daAuts
     D:4: 190 daAuts
